 Dungeon Crawl Stone Soup version 0.29.0-4-gdea44cf6ec (webtiles) character file.

Game seed: 2475322990310290837

779 SigmundSlayer the Protected (level 7, -3/60 HPs)
             Began as a Gnoll Wanderer on Aug 27, 2022.
             Was a Priest of Okawaru.
             Slain by an ice beast (8 damage)
             ... on level 5 of the Dungeon.
             The game lasted 00:07:56 (4056 turns).

SigmundSlayer the Protected (Gnoll Wanderer)        Turns: 4056, Time: 00:07:56

Health: -3/60      AC: 11    Str: 17    XL:     7   Next: 85%
Magic:  11/11      EV: 11    Int: 12    God:    Okawaru [***...]
Gold:   197        SH:  0    Dex: 13    Spells: 11/11 levels left

rFire   + . .      SeeInvis .   a - +1 short sword (flame)
rCold   . . .      Faith    .   (no shield)
rNeg    + + .      Spirit   .   m - +2 ring mail of the Dice {Rampage rN++}
rPois   .          Reflect  .   l - +2 helmet
rElec   .          Harm     .   (no cloak)
rCorr   .          Rampage  +   (no gloves)
Will    .....                   w - +0 pair of boots
Stlth   +.........              (no amulet)
HPRegen 0.20/turn               h - +6 ring of strength
MPRegen 0.12/turn               q - ring of protection from fire

@: no status effects
A: fangs 1, strong nose, distributed training, talons 1, deformed body
a: Renounce Religion, Heroism


You were on level 5 of the Dungeon.
You worshipped Okawaru.
Okawaru was most pleased with you.
You visited 1 branch of the dungeon, and saw 7 of its levels.
You also visited: Sewer.

You collected 197 gold pieces.

Inventory:

Hand Weapons
 a - a +1 short sword of flaming (weapon)
 b - a +4 sling of freezing
Missiles
 r - 25 stones (quivered)
Armour
 k - the +0 ring mail of Wegia {rPois Int+3 Dex+3}
   (You found it on level 4 of the Dungeon)

   Int:       It affects your intelligence (+3).
   Dex:       It affects your dexterity (+3).
   rPois:     It protects you from poison.
 l - a +2 helmet (worn)
 m - the +2 ring mail of the Dice (worn) {Rampage rN++}
   (You found it on level 2 of the Dungeon)

   rN:        It greatly protects you from negative energy.
   Rampage:   It bestows one free step when moving towards enemies.
 w - a +0 pair of boots (worn)
Jewellery
 d - a ring of magical power
 h - a +6 ring of strength (left hand)
 q - a ring of protection from fire (right hand)
Wands
 e - a wand of flame (16)
Scrolls
 c - 2 scrolls of vulnerability
 j - 2 scrolls of poison
 u - a scroll of blinking
 v - 2 scrolls of noise
 x - 3 scrolls of teleportation
 y - a scroll of magic mapping
Potions
 f - 2 potions of brilliance
 g - a potion of might
 i - 3 potions of curing
 n - 2 potions of resistance {unknown}
 o - a potion of attraction {unknown}
 p - a potion of flight {unknown}
 s - a potion of ambrosia {unknown}
 t - a potion of lignification {unknown}
 z - a potion of invisibility {unknown}


   Skills:
 + Level 7.2 Fighting
 + Level 3.9 Short Blades
 + Level 2.8 Long Blades
 + Level 2.8 Axes
 + Level 2.8 Maces & Flails
 + Level 2.8 Polearms
 + Level 2.8 Staves
 + Level 2.8 Ranged Weapons
 + Level 3.9 Throwing
 + Level 10.8 Armour
 + Level 2.8 Dodging
 + Level 2.8 Stealth
 + Level 2.8 Shields
 + Level 2.8 Unarmed Combat
 + Level 2.8 Spellcasting
 + Level 2.3 Conjurations
 + Level 2.3 Hexes
 + Level 2.3 Summonings
 + Level 2.3 Necromancy
 + Level 2.3 Translocations
 + Level 2.3 Transmutations
 + Level 2.3 Fire Magic
 + Level 2.3 Ice Magic
 + Level 2.3 Air Magic
 + Level 2.3 Earth Magic
 + Level 2.3 Poison Magic
 + Level 3.1 Invocations
 + Level 2.8 Evocations


You had 11 spell levels left.
You didn't know any spells.
Your spell library contained the following spells:

 Spells                   Type           Power      Damage    Failure   Level
 Slow                     Hex            28%        N/A       16%         1
 Confusing Touch          Hex            7%         N/A       43%         3
 Dazzling Flash           Conj/Hex       14%        N/A       43%         3
 Vampiric Draining        Necr           7%         2d6       43%         3
 Iskenderun's Mystic Bla  Conj/Tloc      7%         2d4       83%         4
 Starburst                Conj/Fire      3%         6d3       100%        6


Dungeon Overview and Level Annotations

Branches:
Dungeon (7/15)             Temple (0/1) D:4           Sewer (visited)

Altars:
Okawaru

Annotations:
D:5 Dowan


Innate Abilities, Weirdness & Mutations

You have very sharp teeth.
Your uncanny sense of smell can sniff out nearby items.
Your experience applies equally to all skills.
You have sharp toenails.
Armour fits poorly on your strangely shaped body.


Message History

You closely miss the ice beast.
The ice beast hits you but does no damage.
You hit the ice beast.
You melt the ice beast.
The ice beast is moderately wounded.
The ice beast hits you. The ice beast freezes you!
You are too injured to fight recklessly!
You are too injured to fight recklessly!
You are too injured to fight recklessly!
You are too injured to fight recklessly!
You are too injured to fight recklessly!
You are too injured to fight recklessly!
You are too injured to fight recklessly!
You are too injured to fight recklessly!
You are too injured to fight recklessly!
You closely miss the ice beast.
You bite the ice beast, but do no damage.
The ice beast is moderately wounded.
The ice beast barely misses you.
You hit the ice beast but do no damage.
You bite the ice beast, but do no damage.
The ice beast is moderately wounded.
The ice beast hits you. The ice beast freezes you!
You hit the ice beast.
You melt the ice beast.
Your bite misses the ice beast.
The ice beast is heavily wounded.
The ice beast hits you but does no damage.
You hit the ice beast but do no damage.
The ice beast is heavily wounded.
The ice beast hits you but does no damage.
You hit the ice beast.
You melt the ice beast.
The ice beast is heavily wounded.
The ice beast hits you.
* * * LOW HITPOINT WARNING * * *
The ice beast freezes you!
* * * LOW HITPOINT WARNING * * *
You barely miss the ice beast.
The ice beast is heavily wounded.
The ice beast hits you.
* * * LOW HITPOINT WARNING * * *
The ice beast freezes you!
You die...

###..#..# ..........
....#................∆
#.##..#.##.......#....
## ########......#.
###.. .## .... ..#####
#... ###......#
##..##.#Y.....#
##......@......#
#...##...###.###
#...<.#### ##.....#
#......# ........#
......##### #....#
#....


You could see an ice beast.

Vanquished Creatures
  An ogre (D:4)
  3 kobold brigands (Sewer)
  A scorpion (D:7)
  A hound (D:4)
  An orc priest (D:4)
  2 iguanas
  Natasha (thrice) (D:2)
  Robin (D:2)
  A river rat (Sewer)
  12 adders
  6 worms
  3 dart slugs
  3 orcs (D:4)
  3 bats
  8 endoplasms
  2 giant cockroaches
  14 goblins
  11 hobgoblins
  8 kobolds
  3 quokkas
  9 ball pythons
  3 frilled lizards
  10 rats
109 creatures vanquished.

Notes
Turn   | Place    | Note
-------+----------+-------------------------------------------
     0 | D:1      | Reached skill level 10 in Armour
     0 | D:1      | SigmundSlayer the Gnoll Wanderer began the quest for the
                  | Orb.
     0 | D:1      | SigmundSlayer set off with the following items: a +1 short
                  | sword, a +2 scale mail, a scroll of vulnerability.
     0 | D:1      | Reached XP level 1. HP: 23/23 MP: 1/1
    49 | D:1      | Found a faded altar of an unknown god.
   111 | D:1      | Prayed at the altar of an unknown god.
   111 | D:1      | Became a worshipper of Warmaster Okawaru
   111 | D:1      | Reached * piety under Okawaru
   202 | D:1      | Reached XP level 2. HP: 29/29 MP: 2/2
   553 | D:1      | Reached XP level 3. HP: 31/35 MP: 3/3
   849 | D:2      | Noticed Natasha
   860 | D:2      | Killed Natasha
   861 | D:2      | Reached skill level 1 in Long Blades
   861 | D:2      | Reached skill level 1 in Axes
   861 | D:2      | Reached skill level 1 in Maces & Flails
   861 | D:2      | Reached skill level 1 in Polearms
   861 | D:2      | Reached skill level 1 in Staves
   861 | D:2      | Reached skill level 1 in Ranged Weapons
   861 | D:2      | Reached skill level 1 in Dodging
   861 | D:2      | Reached skill level 1 in Stealth
   861 | D:2      | Reached skill level 1 in Shields
   861 | D:2      | Reached skill level 1 in Unarmed Combat
   861 | D:2      | Reached skill level 1 in Spellcasting
   861 | D:2      | Reached skill level 1 in Invocations
   861 | D:2      | Reached skill level 1 in Evocations
  1060 | D:2      | Reached XP level 4. HP: 41/41 MP: 5/5
  1060 | D:2      | Noticed Natasha
  1070 | D:2      | Killed Natasha
  1071 | D:2      | Reached skill level 1 in Conjurations
  1071 | D:2      | Reached skill level 1 in Hexes
  1071 | D:2      | Reached skill level 1 in Summonings
  1071 | D:2      | Reached skill level 1 in Necromancy
  1071 | D:2      | Reached skill level 1 in Translocations
  1071 | D:2      | Reached skill level 1 in Transmutations
  1071 | D:2      | Reached skill level 1 in Fire Magic
  1071 | D:2      | Reached skill level 1 in Ice Magic
  1071 | D:2      | Reached skill level 1 in Air Magic
  1071 | D:2      | Reached skill level 1 in Earth Magic
  1071 | D:2      | Reached skill level 1 in Poison Magic
  1073 | D:2      | Identified the +2 ring mail of the Dice {Rampage rN++}
  1416 | D:2      | Noticed Natasha
  1445 | D:2      | Killed Natasha
  1446 | D:2      | Reached XP level 5. HP: 31/47 MP: 7/7
  1557 | D:2      | Reached ** piety under Okawaru
  1557 | D:2      | Noticed Robin
  1600 | D:2      | Killed Robin
  1689 | D:2      | Gained mutation: You have large cloven feet. [potion of
                  | mutation]
  1690 | D:2      | Lost mutation: You have large cloven feet. [potion of
                  | mutation]
  1690 | D:2      | Gained mutation: Armour fits poorly on your strangely
                  | shaped body. [potion of mutation]
  1690 | D:2      | Gained mutation: You have sharp toenails. [potion of
                  | mutation]
  2550 | D:4      | You fall into a shaft and drop 3 floors!
  2597 | D:7      | Reached XP level 6. HP: 46/53 MP: 7/9
  2663 | D:5      | Entered Level 5 of the Dungeon
  2664 | D:5      | Noticed Dowan
  2697 | D:5      | Noticed an ice beast
  2829 | D:4      | Found a staircase to the Ecumenical Temple.
  2839 | D:4      | Reached *** piety under Okawaru
  2884 | D:4      | Identified the +0 ring mail of Wegia {rPois Int+3 Dex+3}
  2925 | D:4      | Reached XP level 7. HP: 38/60 MP: 10/10
  3119 | D:4      | Found a glowing drain.
  3132 | Sewer    | Entered a sewer
  4056 | D:5      | Slain by an ice beast

Illustrated notes

Levels and vault maps discovered:
D:1:      dpeg_arrival_leaves_temple_mockup, layout_loops_ring,
          chequers_ecumenical_altar_island, corexii_hall_statues_s
D:2:      layout_basic, serial_park_tiny_1, minmay_misc_feat_tower,
          uniq_natasha, uniq_robin
D:3:      layout_basic
D:4:      layout_cave_pools, minmay_temple_entry_slanted, portal_sewer_entry_d
D:5:      layout_cave_pools, good_gods_mini_temple,
          minmay_overflow_temple_star_hex,
          nicolae_hepliaklqana_ecumenical_no_more, minmay_misc_feat_rugged,
          nicolae_shop_i_like_big_books, uniq_duvessa
D:6:      layout_cave_pods, serial_shops, shop_fountains
D:7:      layout_gridville, chequers_serial_rivers_micro_a, uniq_menkaure,
          uniq_prince_ribbit1

Skill      XL: |  1  2  3  4  5  6  7 |
---------------+----------------------+-----
Armour         | | 10.8
Long Blades    | 1 2 |  2.8
Axes           | 1 2 |  2.8
Maces & Flails | 1 2 |  2.8
Polearms       | 1 2 |  2.8
Staves         | 1 2 |  2.8
Ranged Weapons | 1 2 |  2.8
Dodging        | 1 2 |  2.8
Stealth        | 1 2 |  2.8
Shields        | 1 2 |  2.8
Unarmed Combat | 1 2 |  2.8
Spellcasting   | 1 2 |  2.8
Invocations    | 1 2 3 |  3.1
Evocations     | 1 2 |  2.8
Conjurations   | 1 2 |  2.3
Hexes          | 1 2 |  2.3
Summonings     | 1 2 |  2.3
Necromancy     | 1 2 |  2.3
Translocations | 1 2 |  2.3
Transmutations | 1 2 |  2.3
Fire Magic     | 1 2 |  2.3
Ice Magic      | 1 2 |  2.3
Air Magic      | 1 2 |  2.3
Earth Magic    | 1 2 |  2.3
Poison Magic   | 1 2 |  2.3
Short Blades   | 3 |  3.9
Throwing       | 3 |  3.9
Fighting       | 7 |  7.2

Action                   |  1- 3 |  4- 6 |  7- 9 || total
-------------------------+-------+-------+-------++-------
Melee: Short sword       |    96 |   159 |   236 ||   491
       Bite              |    11 |    12 |    20 ||    43
       Punch             |       |     3 |     3 ||     6
       Kick              |       |     3 |       ||     3
 Fire: Sling             |       |     9 |       ||     9
Evoke: Wand              |       |     1 |       ||     1
  Use: Scroll            |     1 |    15 |     1 ||    17
       Potion            |       |     2 |     1 ||     3
Armor: Scale mail        |    49 |     3 |       ||    52
       Ring mail         |       |    49 |    83 ||   132
Dodge: Dodged            |    42 |    83 |   111 ||   236
